AoeStats
← 一条固执的鱼

African Clearing

506105322Analyzed
3v3 RM · 20d ago on Sep 12, 2026· 45m 30s· 6 players
Game mode
Random Map
Map size
Normal (6 player)
Population
200
Speed
Normal
Resources
Standard
Victory
Conquest
Starting age
Dark Age
Ending age
Imperial Age
RankedLock teamsTeams togetherTeam positionsShared explorationLock speedFull tech treeHidden civsTurbo modeCheats
Victory
Defeat
🇨🇳 Japanese · China
1197
+13
🇨🇳 Vietnamese · China
1147
+15
🇻🇳 Maya · Vietnam
1084
+19
🇺🇸 Hindustanis · United States
1160
-17
🇧🇷 Japanese · Brazil
1148
-16
🇨🇳 Mongols · China
1095
-14
Ghost
6:46 Loom
14:48 Feudal Age
18:58 Double-Bit Axe
18:54 Horse Collar
24:13 Castle Age
24:06 Bloodlines
24:48 Scale Barding Armor
32:00 Forging
33:17 Gold Mining
33:36 Grand Trunk Road
35:55 Wheelbarrow
40:09 Imperial Age
39:03 Husbandry
39:27 Chain Barding Armor
40:20 Iron Casting
40:13 Heavy Camel Rider
gagqayha336764
4:18 Loom
11:59 Feudal Age
17:05 Castle Age
15:00 Double-Bit Axe
15:29 Gold Mining
16:19 Fletching
17:12 Padded Archer Armor
17:16 Horse Collar
19:23 Stone Mining
25:36 Wheelbarrow
32:36 Bow Saw
33:07 Town Watch
33:36 Town Watch
36:52 Hand Cart
41:30 Imperial Age
40:12 Ballistics
43:24 Thumb Ring
44:33 Chemistry
45:26 Fervor
45:17 Devotion
45:53 Conscription
rafaelpereira2007
6:03 Loom
14:37 Feudal Age
16:29 Wheelbarrow
15:40 Horse Collar
15:50 Double-Bit Axe
22:52 Castle Age
21:14 Fletching
21:30 Gold Mining
21:36 Stone Mining
22:10 Padded Archer Armor
24:58 Bodkin Arrow
25:44 Bow Saw
26:23 Heavy Plow
26:10 Elite Skirmisher
30:52 Leather Archer Armor
35:00 Imperial Age
33:39 Squires
33:25 Gambesons
33:53 Forging
33:43 Scale Mail Armor
35:02 Pikeman
38:04 Bracer
40:23 Ring Archer Armor
40:29 Iron Casting
40:10 Chain Mail Armor
一条固执的鱼
12:52 Feudal Age
13:27 Loom
18:51 Castle Age
16:46 Double-Bit Axe
17:23 Horse Collar
19:33 Fletching
20:37 Wheelbarrow
28:24 Bow Saw
28:25 Bodkin Arrow
29:50 Arson
32:08 Scale Barding Armor
33:00 Husbandry
33:11 Bloodlines
35:23 Chain Barding Armor
35:14 Forging
37:07 Chatras
40:08 Imperial Age
38:35 Heavy Plow
39:44 Iron Casting
40:20 Hand Cart
40:47 Scale Mail Armor
40:16 Elite Fire Lancer
41:49 Chain Mail Armor
42:12 Plate Barding Armor
42:40 Squires
44:04 Plate Mail Armor
45:31 Town Watch
46:14 Paper Money
沉着 冷静
11:30 Loom
13:39 Feudal Age
14:41 Double-Bit Axe
17:07 Castle Age
16:25 Fletching
17:49 Bodkin Arrow
18:25 Bow Saw
19:36 Padded Archer Armor
24:08 Wheelbarrow
24:15 Town Watch
26:21 Leather Archer Armor
27:56 Ballistics
29:42 Horse Collar
31:35 Heavy Plow
34:32 Imperial Age
32:25 Hand Cart
32:25 Scale Mail Armor
32:33 Squires
32:22 Arson
33:38 Chain Mail Armor
33:33 Forging
33:32 Gold Mining
33:32 Stone Mining
35:18 Bracer
36:20 Chemistry
37:25 Plate Mail Armor
37:32 Conscription
36:38 Elite Samurai
39:11 Iron Casting
39:23 Gold Shaft Mining
39:48 Kataparuto
42:05 Treadmill Crane
42:30 Siege Engineers
42:36 Masonry
42:18 Guard Tower
43:38 Blast Furnace
dongquangthang
2:55 Loom
13:10 Feudal Age
13:49 Double-Bit Axe
16:43 Gold Mining
16:45 Stone Mining
18:59 Castle Age
18:07 Fletching
18:18 Padded Archer Armor
18:29 Forging
18:19 Scale Mail Armor
17:46 Man-at-Arms
20:17 Bow Saw
21:00 Wheelbarrow
21:21 Town Watch
28:45 Hand Cart
31:12 Horse Collar
31:40 Crossbowman
37:16 Imperial Age
35:45 Iron Casting
35:33 Bodkin Arrow
36:18 Stone Shaft Mining
35:52 Thumb Ring
35:11 Pikeman
35:51 Squires
36:33 Leather Archer Armor
36:42 Ballistics
36:33 Masonry
36:34 Fortified Wall
37:00 Chain Mail Armor
36:14 Eagle Warrior
37:22 Arbalester
38:18 Halberdier
40:52 Plate Mail Armor
40:06 Elite Eagle Warrior
41:10 Conscription
42:22 Holcans
46:26 Chemistry
45:58 Architecture
45:30 Bracer
46:02 Ring Archer Armor
46:34 Blast Furnace
Connection lost

Rejoining the realm…

Still unreachable

The connection could not be restored.

Session expired

The server has moved on; the page needs a fresh start.